Map: Ephemeron LE

Players

AGOElazer (Elazer)

  • Race: Zerg Zerg
  • League: Master
  • Spawn Location: 11:00

Special - Winner!

  • Race: Terran Terran
  • League: Master
  • Spawn Location: 5:00

VOD

Have the link to the VOD?

Description

Time

  • Played on: Jan. 14, 2020, 2:05 p.m.
  • Length: 14:50
Show
View Real Time Build Order
Export as new Build Order

AGOElazer Zerg 

Build Orders: Hatch First, Lurkers 

Get SALT Encoding   

  12  0:00  Drone  
  13  0:13  Overlord  
  13  0:17  Drone  
  14  0:31  Drone x2  
  16  0:47  Hatchery  
  15  0:51  Drone  
  15  0:54  Drone  
  17  0:57  Drone  
  18  1:08  Extractor  
  17  1:13  Spawning Pool  
  17  1:16  Drone  
  17  1:19  Drone  
  18  1:29  Drone  
  19  1:39  Drone  
  20  1:50  Overlord  
  20  1:59  Queen  
  20  2:00  Queen  
  20  2:01  Zergling x4  
  26  2:12  Drone x2  
  28  2:17  Metabolic Boost  
  28  2:22  Drone x2  
  30  2:35  Hatchery  
  29  2:38  Drone  
  29  2:40  Drone  
  31  2:47  Queen  
  33  2:52  Overlord  
  33  2:55  Drone  
  33  2:57  Drone  
  35  3:02  Pneumatized Carapace  
  35  3:04  Drone  
  36  3:11  Drone x3  
  39  3:14  Drone  
  39  3:15  Drone  
  39  3:17  Drone  
  42  3:22  Overlord  
  42  3:26  Queen  
  44  3:41  Drone  
  45  3:42  Zergling x2  
  45  3:43  Zergling x4  
  45  3:44  Zergling x2, Overlord  
  45  3:46  Drone  
  45  3:47  Drone x2  
  52  3:52  Queen  
  52  3:54  Drone  
  52  3:55  Drone x2  
  57  3:57  Drone  
  57  3:59  Overlord  
  58  4:07  Extractor  
  58  4:09  Roach Warren, Overlord  
  56  4:11  Drone x2  
  56  4:13  Drone  
  59  4:18  Zergling x2, Extractor  
  59  4:23  Drone x5  
  64  4:31  Overlord  
  64  4:34  Drone x2  
  64  4:36  Overlord  
  66  4:40  Zergling x2  
  66  4:41  Zergling x4  
  66  4:42  Overlord  
  69  4:48  Overlord  
  69  4:49  Roach x3  
  69  4:50  Roach  
  77  4:54  Roach x2  
  77  4:57  Roach  
  83  5:01  Roach  
  83  5:02  Roach  
  83  5:07  Overlord  
  85  5:13  Drone x6  
  85  5:18  Roach  
  83  5:24  Queen  
  83  5:25  Lair  
  85  5:32  Roach x5  
  85  5:33  Evolution Chamber  
  94  5:37  Overlord  
  94  5:39  Zergling x6  
  97  5:45  Zergling x2  
  98  5:50  Zergling x2  
  98  5:51  Zergling x4  
  101  6:02  Overlord  
  101  6:03  Drone x6  
  105  6:09  Drone, Overlord  
  105  6:11  Extractor x2  
  103  6:13  Drone x3  
  103  6:14  Zerg Ground Armor Level 1  
  103  6:16  Evolution Chamber  
  103  6:17  Baneling Nest  
  103  6:21  Overlord  
  103  6:22  Drone  
  103  6:24  Overlord  
  104  6:27  Drone x3  
  104  6:31  Extractor  
  104  6:32  Infestation Pit, Overlord  
  105  6:37  Glial Reconstitution  
  105  6:44  Zergling x16  
  113  6:48  Hatchery, Drone, Zerg Melee Weapons Level 1  
  113  6:52  Drone x2  
  115  6:55  Drone x2  
  115  6:56  Drone  
  118  7:02  Overlord x2  
  118  7:05  Centrifical Hooks, Overlord  
  118  7:07  Drone x2  
  120  7:10  Hive  
  120  7:12  Drone x2  
  120  7:15  Drone x2  
  124  7:16  Drone  
  124  7:20  Overlord  
  124  7:21  Drone x2  
  127  7:25  Overlord  
  127  7:31  Overlord  
  127  7:32  Drone  
  128  7:38  Drone x4  
  128  7:40  Overlord  
  128  7:42  Hydralisk Den  
  130  7:45  Baneling x5  
  130  7:47  Zergling x6, Baneling x8  
  133  7:55  Overlord  
  133  7:56  Zergling x2  
  133  7:57  Zergling x2  
  135  8:04  Zergling x8  
  139  8:10  Zerg Ground Armor Level 2  
  138  8:14  Lurker Den, Drone  
  138  8:15  Overlord  
  138  8:17  Spore Crawler  
  138  8:18  Zergling x18  
  138  8:28  Zergling x2  
  138  8:29  Zergling x4  
  138  8:32  Muscular Augments  
  139  8:36  Viper x2  
  139  8:37  Overlord  
  139  8:39  Hydralisk  
  139  8:40  Extractor x2  
  145  8:50  Hatchery, Drone x5  
  145  8:51  Drone, Hydralisk x5  
  160  8:58  Overlord  
  160  9:01  Zergling x6  
  160  9:05  Baneling  
  160  9:06  Baneling x10  
  160  9:08  Zergling x4  
  162  9:12  Lair  
  162  9:13  Zergling x20  
  172  9:20  Zergling x6  
  170  9:29  Baneling  
  170  9:30  Zergling x6, Baneling x3  
  157  9:31  Seismic Spines  
  157  9:37  Zergling x4  
  144  9:39  Baneling x9  
  144  9:40  Zergling x14  
  143  9:49  Zergling x12  
  143  9:51  Zergling x2  
  140  9:58  Lurker x4, Hydralisk x5  
  150  10:02  Hydralisk  
  150  10:03  Hydralisk  
  150  10:07  Hydralisk x6  
  137  10:09  Hydralisk  
  137  10:11  Hydralisk  
  147  10:14  Zergling x8  
  147  10:15  Zergling x2  
  147  10:20  Zergling x2  
  145  10:26  Zergling x6  
  146  10:31  Zergling x2  
  145  10:35  Zergling x2  
  145  10:36  Zergling x4, Queen x2  
  148  10:47  Zergling x2  
  148  10:48  Zergling x6  
  149  10:51  Lurker  
  149  10:52  Lurker x2, Adaptive Talons  
  149  10:54  Zergling x8  
  156  11:00  Zergling x4  
  151  11:07  Hydralisk x4  
  151  11:10  Lurker x2  
  151  11:11  Lurker x2  
  149  11:13  Hydralisk  
  149  11:14  Hydralisk  
  148  11:19  Hydralisk x2  
  148  11:24  Hydralisk x2  
  146  11:29  Hydralisk x2  
  143  11:35  Zergling x2  
  136  11:41  Zergling x4  
  136  11:46  Queen x3  
  144  11:48  Zergling x2, Hatchery  
  144  11:53  Zerg Ground Armor Level 3, Zerg Missile Weapons Level 1  
  144  11:54  Lurker  
  144  11:55  Lurker  
  144  11:56  Hydralisk x2  
  144  12:00  Zergling x4  
  152  12:05  Zergling x2  
  153  12:09  Zergling x2  
  153  12:12  Zergling x4  
  155  12:19  Zergling x2  
  156  12:24  Zergling x4  
  156  12:32  Zergling x4  
  156  12:36  Zergling x2  
  159  12:43  Zergling x4  
  145  12:52  Zergling x2  
  145  12:53  Zergling x2  
  145  12:56  Lurker x3  
  150  13:00  Queen x3  
  150  13:03  Zergling x8  
  156  13:12  Hydralisk x4  
  122  13:20  Zergling x4  
  122  13:25  Zergling x4  
  110  13:27  Hydralisk x5  
  110  13:28  Hydralisk  
  110  13:32  Hydralisk  
  118  13:35  Hydralisk x4  
  110  13:43  Zergling x6  
  107  13:56  Queen x3  
  107  13:57  Hydralisk x7  
  124  14:13  Viper  
  124  14:14  Viper x2  
  124  14:17  Zergling x10  
  131  14:24  Lurker x2  
  134  14:26  Hydralisk x2  
  127  14:40  Lurker  
  127  14:41  Lurker  
Show
View Real Time Build Order
Export as new Build Order

Special Terran - Winner!

Build Orders: 2 Factory, Hellion Opening, Reaper Expand 

Get SALT Encoding   

  12  0:01  SCV  
  13  0:13  SCV  
  14  0:17  Supply Depot  
  14  0:25  SCV  
  15  0:39  SCV  
  15  0:41  Barracks  
  16  0:43  Refinery  
  16  0:51  SCV  
  17  1:03  SCV  
  18  1:15  SCV  
  19  1:28  Orbital Command, Reaper  
  20  1:39  Command Center  
  20  1:49  Supply Depot  
  20  1:54  SCV  
  20  2:00  Marine  
  22  2:06  Factory  
  22  2:08  SCV  
  23  2:13  Refinery  
  23  2:20  SCV, Barracks Reactor  
  24  2:32  SCV  
  26  2:44  SCV  
  26  2:49  Factory  
  26  2:52  Orbital Command  
  26  2:56  SCV  
  27  3:03  Hellion x2  
  27  3:04  Marine  
  32  3:08  SCV  
  33  3:19  SCV  
  34  3:20  SCV  
  34  3:24  Supply Depot, Hellion x2  
  39  3:31  SCV  
  39  3:32  SCV  
  41  3:34  Factory Tech Lab  
  41  3:43  SCV  
  41  3:44  SCV  
  41  3:46  Hellion x2  
  41  3:47  Supply Depot  
  47  3:54  Cyclone, Infernal Pre-Igniter  
  47  3:55  SCV  
  51  3:56  SCV  
  52  4:07  SCV  
  52  4:09  SCV, Hellion x2  
  58  4:11  Supply Depot  
  58  4:20  SCV  
  58  4:21  SCV  
  60  4:32  SCV  
  60  4:33  SCV, Cyclone  
  60  4:34  Supply Depot, Hellion x2  
  69  4:38  Supply Depot  
  69  4:45  SCV  
  70  4:56  SCV, Hellion x2  
  70  4:57  Command Center  
  75  5:05  Cyclone  
  78  5:09  SCV  
  78  5:13  SCV  
  76  5:17  Supply Depot  
  76  5:21  Refinery, Barracks Tech Lab  
  72  5:22  Refinery  
  72  5:29  Barracks  
  72  5:30  SCV x2  
  72  5:34  Factory Reactor, Barracks  
  74  5:36  Engineering Bay  
  74  5:38  Engineering Bay  
  74  5:41  Marine, Stimpack  
  75  5:44  SCV x2  
  75  5:48  Siege Tank  
  80  5:56  SCV  
  79  5:59  Marine  
  76  6:08  SCV  
  76  6:09  SCV, Terran Infantry Weapons Level 1, Terran Infantry Armor Level 1  
  75  6:15  Orbital Command  
  75  6:16  Marine  
  75  6:17  Marine x2  
  75  6:18  Starport  
  78  6:20  Siege Tank  
  78  6:23  Factory Reactor  
  78  6:25  SCV x2  
  83  6:27  Supply Depot  
  83  6:32  Marine x2  
  85  6:33  Barracks, Orbital Command  
  85  6:34  Marine, Barracks  
  85  6:35  Marine x2  
  88  6:49  Supply Depot  
  88  6:50  Marine x2  
  88  6:52  Marine x2  
  88  6:53  Marine, Barracks  
  88  6:54  Barracks  
  93  6:55  Siege Tank  
  93  6:56  Barracks  
  93  6:57  SCV x2  
  93  6:59  SCV  
  99  7:05  Medivac x2  
  99  7:08  Marine x2, Factory Tech Lab  
  105  7:09  SCV  
  105  7:10  Marine x3  
  105  7:15  SCV x2  
  111  7:16  Refinery  
  111  7:21  Combat Shield, SCV  
  111  7:22  Barracks Reactor x2  
  112  7:27  SCV x2  
  112  7:28  Marine  
  112  7:29  Marine x2  
  117  7:30  Supply Depot  
  117  7:34  SCV  
  118  7:39  SCV  
  118  7:40  SCV, Marine x2, Supply Depot  
  118  7:41  Marine, Supply Depot  
  123  7:46  SCV  
  123  7:50  Marine  
  125  7:51  Marine  
  125  7:52  SCV, Barracks Reactor, Siege Tank x2  
  125  7:57  Supply Depot  
  133  8:01  Marine  
  133  8:02  Marine x2, Armory  
  133  8:03  Marine  
  133  8:04  Supply Depot  
  137  8:06  Marine  
  137  8:08  Supply Depot  
  138  8:13  Marine x2  
  138  8:14  Marine  
  138  8:16  Marine x2  
  143  8:23  Medivac x2  
  143  8:24  Siege Tank  
  146  8:30  Siege Tank  
  146  8:31  Marine x3  
  146  8:33  Marine x5  
  146  8:34  Marine  
  158  8:35  Barracks Reactor  
  158  8:37  Marine  
  159  8:42  Marine, Supply Depot  
  159  8:46  Marine  
  158  8:48  Marine  
  158  8:49  Marine  
  158  8:52  Marine x3  
  158  8:54  Terran Infantry Weapons Level 2, Terran Infantry Armor Level 2  
  163  8:57  Marine  
  163  8:59  Marine  
  165  9:03  Marine x2, Siege Tank  
  165  9:04  Marine  
  165  9:08  Marine x2  
  165  9:09  Marine  
  174  9:17  Siege Tank  
  174  9:20  Marine x2  
  174  9:23  Marine  
  167  9:24  Marine  
  167  9:28  Marine x2  
  167  9:30  Marine x3, Medivac x2  
  167  9:31  Marine x3  
  166  9:39  Marine x2, Siege Tank  
  166  9:40  Marine x2  
  161  9:50  Marine x2  
  161  9:51  Marine x4  
  156  9:57  Marine x2, Siege Tank  
  161  10:00  Medivac x2  
  161  10:02  Marine  
  161  10:05  Marine x4  
  154  10:08  Marine  
  154  10:09  Marine  
  154  10:10  Marine x2  
  156  10:18  Siege Tank  
  156  10:20  Marine x6  
  158  10:29  Marine  
  158  10:34  Marine  
  160  10:37  Marine  
  160  10:38  Marine x2  
  160  10:42  Medivac  
  156  10:43  Medivac  
  156  10:48  Marine x2  
  156  10:49  Siege Tank  
  154  10:50  Marine x5, Siege Tank  
  162  11:00  Marine  
  157  11:06  Marine  
  157  11:07  Marine  
  157  11:08  Marine  
  157  11:09  Marine x2  
  157  11:10  Marine  
  148  11:12  Marine x2  
  148  11:19  Marine x3  
  148  11:21  Marine, Siege Tank  
  148  11:22  Siege Tank  
  149  11:27  Marine x2  
  149  11:28  Marine  
  149  11:30  Terran Infantry Weapons Level 3  
  146  11:33  Marine  
  146  11:35  Marine x2  
  134  11:41  Marine  
  134  11:42  Marine x4  
  139  11:49  Marine x2  
  139  11:52  Marine x5  
  139  11:53  Siege Tank  
  149  11:54  Siege Tank  
  149  11:56  Marine x2  
  149  11:59  Marine x3  
  157  12:03  Marine  
  158  12:14  Marine x2  
  158  12:15  Marine x6  
  164  12:18  Marine  
  166  12:23  Medivac x2  
  166  12:25  Marine  
  166  12:26  Siege Tank  
  166  12:27  Siege Tank  
  171  12:34  Marine  
  171  12:35  Marine x2  
  171  12:39  Marine x2  
  171  12:42  Marine  
  160  12:51  Marine  
  160  12:52  Marine x4  
  160  12:53  Marine x2  
  160  12:54  Marine, Medivac  
  160  12:58  Medivac, Siege Tank  
  173  13:00  Marine  
  173  13:01  Marine  
  173  13:03  Marine  
  177  13:06  Marine  
  177  13:11  Marine x2  
  177  13:17  Marine  
  159  13:21  Marine x2  
  159  13:24  Marine x2, Medivac, Siege Tank  
  159  13:25  Marine  
  166  13:31  Marine x2, Medivac  
  166  13:39  Marine x3  
  166  13:41  Marine x2  
  169  13:45  Marine x2  
  172  13:53  Marine x4  
  171  14:12  Marine x2  
  171  14:16  Marine x4  
  168  14:17  Marine  
  168  14:20  Marine x2, Starport Tech Lab  
  170  14:24  Marine x3  
  170  14:29  Marine x2  
Tags
 
Add a new tag
Caveats
  • Supply blocks, unpowered buildings, or Contaminate may cause inaccurate times.
  • Supply counts are checked every 10 seconds.